 Dungeon Crawl Stone Soup version 0.14-a0-1403-g5d3c58f (webtiles) character file.

167 PolkaDot the Cutter (level 3, -4/27 HPs)
             Began as a Vampire Death Knight on Dec 10, 2013.
             Was a Believer of Yredelemnul.
             Splashed by a jelly's acid (9 damage)
             ... on Level 3 of the Dungeon.
             The game lasted 00:06:43 (1503 turns).

PolkaDot the Cutter (Vampire Death Knight)          Turns: 1503, Time: 00:06:43

HP  -4/27        AC  3     Str 12      XL: 3   Next: 82%
MP   0/4         EV 11     Int 13      God: Yredelemnul [**....]
Gold 107         SH  0     Dex 14      Spells:  0 memorised,  2 levels left

rFire  . . .     SeeInvis +     a - +1,+0 short sword
rCold  . . .     Clarity  .     b - +0 leather armour
rNeg   . . .     Conserve .     (no shield)
rPois  .         rCorr    .     (no helmet)
rElec  .         rRot     .     (no cloak)
SustAb . .       Spirit   +     (no gloves)
rMut   .         Warding  .     (no boots)
Saprov . . .     Stasis   .     c - amulet of guardian spirit
                                (no ring)
                                f - ring of see invisible {unknown}

@: regenerating quickly, slightly resistant to hostile enchantments, unstealthy
A: fangs 3, see invisible, unbreathing
a: Animate Remains, Recall Undead Slaves, Injury Mirror, Renounce Religion


You were on level 3 of the Dungeon.
You worshipped Yredelemnul.
Yredelemnul was pleased with you.
You were full.

You visited 1 branch of the dungeon, and saw 3 of its levels.

You collected 107 gold pieces.

Inventory:

Hand weapons
 a - a +1,+0 short sword (weapon)
Armour
 b - a +0 leather armour (worn)
Scrolls
 d - a scroll of remove curse {unknown}
 g - a scroll of enchant weapon II {unknown}
 i - a scroll of enchant armour {unknown}
 t - 5 scrolls of curse weapon {unknown}
 u - 3 scrolls of identify {unknown}
 v - a scroll of magic mapping {unknown}
 B - 3 scrolls of recharging {unknown}
 D - a scroll of amnesia {unknown}
Jewellery
 c - an amulet of guardian spirit (around neck)
 f - a ring of see invisible (left hand) {unknown}
 k - an uncursed ring of wizardry {unknown}
Potions
 e - a potion of magic {unknown}
 h - 2 potions of speed {unknown}
 j - a potion of flight {unknown}
 s - 2 potions of restore abilities {unknown}
 x - a potion of invisibility {unknown}
 z - 3 potions of curing {unknown}


   Skills:
 + Level 2.2 Fighting
 * Level 3.8 Short Blades
 - Level 0.7 Armour
 + Level 2.1 Dodging
 - Level 2.4 Invocations


You had 2 spell levels left.
You didn't know any spells.

Dungeon Overview and Level Annotations

Branches:
Dungeon (3/16)

Altars:
Cheibriados
Elyvilon
Kikubaaqudgha
Makhleb
Okawaru


Innate Abilities, Weirdness & Mutations

Your natural rate of healing is unusually fast.
You have razor-sharp teeth.*
You have supernaturally acute eyesight.
You can survive without breathing.*


Message History

The jelly is heavily wounded.
The jelly barely misses you.
You barely miss the jelly.
The jelly is heavily wounded.
You hit the jelly.
The jelly is heavily wounded.
The jelly hits you but does no damage.
You hit the jelly but do no damage.
The acid corrodes your +1,+1 short sword!
The jelly is heavily wounded.
The jelly hits you.
You are splashed with acid!
The acid burns!
* * * LOW HITPOINT WARNING * * *
You hit the jelly.
The jelly is severely wounded.
The jelly hits you.
* * * LOW HITPOINT WARNING * * *
You are splashed with acid!
The acid burns!
* * * LOW MAGIC WARNING * * *
You die...
Yredelemnul claims you as an undead slave.

#.. #...# #...# #...#
#...# #...# #...#
#########...#
........@J..#
............#
...........##########
#########....$$.....#
#...........#
#...........#
#...........#
#..........>#
#..<........#


You could see a jelly.

Vanquished Creatures
  A worm (D:2)
  A giant cockroach (D:1)
  6 hobgoblins
  A jackal (D:1)
  5 kobolds
  6 bats
  3 giant newts
  6 goblins
  2 quokkas
  4 rats (D:1)
35 creatures vanquished.

Vanquished Creatures (collateral kills)
  An adder (D:3)
  2 worms (D:2)
3 creatures vanquished.

Vanquished Creatures (others)
  A bat zombie (D:2)
  A goblin zombie (D:3)
  A kobold zombie (D:3)
3 creatures vanquished.

Grand Total: 41 creatures vanquished

Notes
Turn   | Place    | Note
--------------------------------------------------------------
     0 | D:1      | PolkaDot, the Vampire Death Knight, began the quest for the Orb.
     0 | D:1      | Reached XP level 1. HP: 16/16 MP: 1/1
   382 | D:1      | Reached XP level 2. HP: 20/22 MP: 2/2
   492 | D:1      | Reached skill level 3 in Short Blades
   853 | D:2      | Found an iron altar of Okawaru.
   861 | D:2      | Found a white marble altar of Elyvilon.
   903 | D:2      | Found a snail-covered altar of Cheibriados.
   903 | D:2      | Found an ancient bone altar of Kikubaaqudgha.
   970 | D:2      | Reached XP level 3. HP: 23/27 MP: 4/4
  1150 | D:2      | Found a burning altar of Makhleb.
  1169 | D:2      | Acquired Yredelemnul's second power
  1503 | D:3      | Splashed by a jelly's acid

Action                   || total
-------------------------++-------
Melee: Short sword       ||   116
Invok: Animate Remains   ||    10
  Use: Potion            ||     1
 Stab: Distracted        ||     1
